 Dungeon Crawl Stone Soup version 0.27.1-4-g1640c2035a (webtiles) character file.

Game seed: 2158550741049724005

322 Grim the Conjurer (level 6, -5/32 HPs)
             Began as a Deep Elf Conjurer on Nov 11, 2021.
             Was an Initiate of Vehumet.
             Slain by Menkaure (22 damage)
             ... on level 3 of the Dungeon.
             The game lasted 00:12:10 (5202 turns).

Grim the Conjurer (Deep Elf Conjurer)               Turns: 5202, Time: 00:12:10

Health: -5/32      AC:  4    Str:  5    XL:     6   Next: 22%
Magic:  12/12      EV: 31    Int: 24    God:    Vehumet [......]
Gold:   157        SH:  0    Dex: 13    Spells: 1/11 levels left

rFire    + . .     SeeInvis .   i - +3 trident (vorpal)
rCold    + . .     Faith    .   (no shield)
rNeg     . . .     Spirit   .   a - +0 robe
rPois    .         Reflect  .   t - +0 helmet
rElec    .         Harm     .   e - scarf {rC+ rF+}
rCorr    .         Rampage  .   j - +0 pair of gloves
Will     .....                  (no boots)
Stlth    ++........             m - amulet of the acrobat
HPRegen  0.10/turn              k - +4 ring of evasion
MPRegen  0.13/turn              (no ring)

@: acrobatic
A: no striking features
a: Renounce Religion


You were on level 3 of the Dungeon.
You worshipped Vehumet.
Vehumet was noncommittal.
You visited 2 branches of the dungeon, and saw 6 of its levels.

You collected 157 gold pieces.

Inventory:

Hand Weapons
 g - a +0 short sword
 i - a +3 vorpal trident (weapon)
Armour
 a - a +0 robe (worn)
 e - a scarf of resistance (worn)
 j - a +0 pair of gloves (worn)
 t - a +0 helmet (worn)
Jewellery
 k - a +4 ring of evasion (left hand)
 m - an amulet of the acrobat (around neck)
Wands
 d - a wand of paralysis (8)
Scrolls
 c - a scroll of blinking {unknown}
 f - a scroll of identify
 l - a scroll of magic mapping {unknown}
 n - a scroll of fear {unknown}
 r - a scroll of teleportation {unknown}
Potions
 b - a potion of heal wounds
 h - a potion of lignification {unknown}
 o - a potion of mutation {unknown}
 p - a potion of cancellation {unknown}
 q - a potion of curing {unknown}
 s - a potion of degeneration {unknown}
 u - a potion of might {unknown}


   Skills:
 - Level 1.2 Polearms
 - Level 2.4 Dodging
 - Level 2.4 Stealth
 - Level 3.0 Spellcasting
 + Level 7.2 Conjurations
 * Level 0.6 Hexes
 - Level 3.0 Earth Magic


You had one spell level left.
You knew the following spells:

 Your Spells              Type           Power      Damage    Failure   Level
a - Magic Dart            Conj           100%       1d8       1%          1
b - Searing Ray           Conj           76%        3d6       1%          2
c - Stone Arrow           Conj/Erth      56%        3d10      4%          3
d - Fulminant Prism       Conj/Hex       11%        3d9       22%         4

Your spell library contained the following spells:

 Spells                   Type           Power      Damage    Failure   Level
 Dazzling Flash           Conj/Hex       44%        N/A       6%          3
 Iskenderun's Mystic Bla  Conj/Tloc      20%        2d6       24%         4
 Animate Armour           Summ/Erth      20%        N/A       50%         4
 Lehudib's Crystal Spear  Conj/Erth      14%        10d5      100%        8


Dungeon Overview and Level Annotations

Branches:
Dungeon (5/15)             Temple (1/1) D:4

Altars:
Ashenzari
Hepliaklqana
Kikubaaqudgha
Makhleb
Nemelex Xobeh
Sif Muna
Uskayaw
Vehumet
Wu Jian
Yredelemnul

Annotations:
D:3 Menkaure
D:4 Edmund


Message History

Aiming: Searing Ray (safe; 1% risk of failure)
Press: ? - help, Shift-Dir - straight line, f/p - iguana
Aim: an iguana (severely wounded, 83% to hit)
The searing ray hits the iguana!
You kill the iguana!
Vehumet accepts your kill. (Press . to maintain the ray.)
Your Earth Magic skill increases to level 3!
You start resting.
Magic restored.
You start resting.
HP restored.
Casting: Searing Ray (safe; 1% risk of failure)
Confirm with . or Enter, or press ? or * to list all spells.
Okay, then.
There is a stone staircase leading down here.
There is a stone staircase leading down here.
You climb downwards.
Level annotation: Edmund, Menkaure Menkaure completely misses you.
There is a stone staircase leading up here.
Menkaure hits you!!
Ouch! That really hurt!
* * * LOW HITPOINT WARNING * * *
You climb upwards.
There is a stone staircase leading down here.
As you read the scroll labelled YREPOPRO BAQOAMM, it crumbles to dust.
It is a scroll of identify.
b - 3 potions of heal wounds Menkaure casts a spell.
Menkaure seems to speed up.
You feel much better. Menkaure closely misses you.
Menkaure calls on the powers of darkness!
Your body is wracked with pain!
You feel much better.
Menkaure calls on the powers of darkness!
Your body is wracked with pain!
Menkaure hits you!!
Ouch! That really hurt!
You die...

#......# #.#
#.8....#.###.# #......#
#.# #........# #.#
#......# #.#
#..#.###.###.### #.#....#
#.#####.#..###.##....#
#.######
#......###..##.#...P.#
..#
#######.#..........P.#
### #..#.......P...#
###########.#.#.#.#...###
#.>....M@......##.#.###
#.###########.###.#.# #.#
### #.#.# #.# ####.#.#
#.# #......#
#.############.##.###
#..............##.#
#############..##.#
#..##.#


You could see Menkaure (fast).

Vanquished Creatures
  A black bear (D:4)
  An orc priest (D:4)
  2 iguanas (D:3)
  Terence (D:2)
  A hound zombie (D:3)
  A hound skeleton (D:4)
  2 adders
  2 adder skeletons
  A dart slug (D:1)
  5 orcs
  6 endoplasms
  5 giant cockroaches
  9 goblins
  7 hobgoblins
  2 quokkas
  7 ball pythons
  5 bats
  3 frilled lizards (D:1)
  A giant cockroach zombie (D:3)
  4 kobolds
  3 rats (D:1)
69 creatures vanquished.

Notes
Turn   | Place    | Note
-------+----------+-------------------------------------------
     0 | D:1      | Grim the Deep Elf Conjurer began the quest for the Orb.
     0 | D:1      | Reached XP level 1. HP: 10/10 MP: 6/6
    78 | D:1      | Found a faded altar of an unknown god.
   170 | D:1      | Reached XP level 2. HP: 15/15 MP: 0/8
   336 | D:1      | Reached skill level 5 in Conjurations
   786 | D:1      | Reached XP level 3. HP: 19/19 MP: 7/9
  1449 | D:2      | Learned a level 2 spell: Searing Ray
  1470 | D:2      | Found a basalt altar of Yredelemnul.
  1575 | D:2      | Noticed Terence
  1580 | D:2      | Killed Terence
  1581 | D:2      | Reached skill level 6 in Conjurations
  1581 | D:2      | Reached XP level 4. HP: 24/24 MP: 3/10
  3261 | D:3      | Found an ancient bone altar of Kikubaaqudgha.
  3535 | D:3      | Reached skill level 7 in Conjurations
  3535 | D:3      | Reached XP level 5. HP: 28/28 MP: 7/11
  3598 | D:3      | Learned a level 3 spell: Stone Arrow
  3656 | D:4      | Found a staircase to the Ecumenical Temple.
  3694 | Temple   | Entered the Ecumenical Temple
  3869 | Temple   | Became a worshipper of Vehumet
  3977 | D:4      | Noticed a black bear
  3981 | D:4      | Killed a black bear
  3982 | D:4      | Reached skill level 1 in Polearms
  4166 | D:4      | Noticed an orc warrior
  4273 | D:4      | Reached XP level 6. HP: 32/32 MP: 7/12
  4438 | D:4      | Noticed Menkaure
  4602 | D:3      | Learned a level 4 spell: Fulminant Prism
  4766 | D:5      | Entered Level 5 of the Dungeon
  4948 | D:4      | Found a broken altar of Ashenzari.
  4952 | D:4      | Saw a vision of the Shoals and the Snake Pit.
  4952 | D:4      | Noticed a wind drake
  4952 | D:4      | Noticed a naga mage
  4952 | D:4      | Noticed a wind drake
  4952 | D:4      | Noticed a merfolk
  4952 | D:4      | Noticed a shock serpent
  4952 | D:4      | Noticed a wind drake
  4952 | D:4      | Noticed a merfolk siren
  4953 | D:4      | Noticed a merfolk
  4953 | D:4      | Noticed a merfolk
  4953 | D:4      | Noticed a naga
  4953 | D:4      | Noticed a shock serpent
  4975 | D:4      | Noticed Edmund
  5202 | D:3      | Slain by Menkaure

Illustrated notes

Levels and vault maps discovered:
D:1:      tarquinn_simple_flora_water_b, layout_basic,
          chequers_ecumenical_altar_twisty
D:2:      layout_basic, basic_altar, mrwooster_statue_mirror,
          minmay_misc_feat_room, uniq_terence
D:3:      layout_loops_ring, mainiacjoe_overflow_24_doors, serial_undead,
          serial_undead_c, serial_undead_b, serial_undead_c, serial_undead_b,
          serial_undead_c, kennysheep_potato
D:4:      layout_rooms, grunt_ashenzari_visionary
          [grunt_ashenzari_visionary_shoals, grunt_ashenzari_visionary_snake],
          minmay_temple_entry_drinking_statues, grunt_decor_arrowhead,
          guppyfry_early_orc_mine, uniq_edmund, uniq_menkaure
D:5:      layout_rooms, serial_shops, shop
Temple:   minmay_temple_forest_path

Skill      XL: |  1  2  3  4  5  6 |
---------------+-------------------+-----
Conjurations   | 5 6 7 |  7.2
Polearms       | 1 |  1.2
Earth Magic    | 2 3 |  3.0
Dodging        | |  2.4
Stealth        | |  2.4
Spellcasting   | |  3.0
Hexes          | |  0.6

Action                   |  1- 3 |  4- 6 || total
-------------------------+-------+-------++-------
Melee: Trident           |       |    17 ||    17
 Cast: Magic Dart        |    67 |    65 ||   132
       Searing Ray       |     1 |     5 ||     6
       Stone Arrow       |       |     5 ||     5
  Use: Potion            |       |     2 ||     2
       Scroll            |       |     1 ||     1
 Stab: Sleeping          |       |     2 ||     2
Armor: Robe              |     1 |     5 ||     6
Dodge: Dodged            |     2 |    33 ||    35
